 Dungeon Crawl Stone Soup version 0.29-a0-1052-g6990b1bffc (webtiles) character file.

Game seed: 8941902266613310602

74 Sweeb the Trooper (level 4, 0/35 HPs)
             Began as a Mummy Fighter on Aug 17, 2022.
             Slain by an orc wizard
             ... wielding a +0 dagger
              (2 damage)
             ... on level 3 of the Dungeon.
             The game lasted 00:02:55 (2769 turns).

Sweeb the Trooper (Mummy Fighter)                   Turns: 2769, Time: 00:02:55

Health: 0/35       AC:  6    Str: 19    XL:     4   Next: 10%
Magic:  6/6        EV:  9    Int:  9    God:
Gold:   93         SH:  0    Dex: 11    Spells: 6/6 levels left

rFire   x . .      SeeInvis .   a - +0 flail
rCold   + . .      Faith    .   c - +0 buckler
rNeg    + + +      Spirit   .   b - +0 scale mail
rPois   ∞          Reflect  .   (no helmet)
rElec   .          Harm     .   (no cloak)
rCorr   .          Rampage  .   (no gloves)
Will    .....                   (no boots)
Stlth   ..........              (no amulet)
HPRegen 0.11/turn               (no ring)
MPRegen 0.10/turn               (no ring)

@: confused
A: cold resistance 1, negative energy resistance 3, torment resistance 2, heat
vulnerability 1, in touch with death 1, no potions
a: no special abilities


You were on level 3 of the Dungeon.
You visited 1 branch of the dungeon, and saw 3 of its levels.

You collected 93 gold pieces.

Inventory:

Hand Weapons
 a - a +0 flail (weapon)
Missiles
 e - a throwing net (quivered)
Armour
 b - a +0 scale mail (worn)
 c - a +0 buckler (worn)
Wands
 g - a wand of flame (18)
Scrolls
 d - a scroll of fear


   Skills:
 + Level 3.4 Fighting
 * Level 2.5 Maces & Flails
 - Level 2.4 Armour
 * Level 2.9 Shields
 + Level 1.6 Spellcasting


You had 6 spell levels left.
You didn't know any spells.
Your spell library contained the following spells:

 Spells                   Type           Power      Damage    Failure   Level
 Portal Projectile        Hex/Tloc       0%         N/A       99%         3
 Tukima's Dance           Hex            0%         N/A       99%         3
 Blade Hands              Tmut           Unusable   N/A       N/A         5

Dungeon Overview and Level Annotations

Branches:
Dungeon (3/15)

Altars:

Shops:
D:2 (


Innate Abilities, Weirdness & Mutations

You are immune to poison.
Your flesh is cold resistant. (rC+)
You are immune to negative energy. (rN+++)
You are immune to unholy pain and torment.
You are vulnerable to heat. (rF-)
You are in touch with the powers of death.
You do not drink.


Message History

The orc wizard barely misses you.
You hit the orc wizard.
The orc wizard is heavily wounded.
The orc wizard hits you with a +0 dagger.
The orc wizard closely misses you.
You closely miss the orc wizard.
The orc wizard is heavily wounded.
An orc wizard appears from thin air!
The orc wizard hits you but does no damage.
You completely miss the orc wizard.
The orc wizard is heavily wounded.
The orc wizard barely misses you.
You hit the orc wizard but do no damage.
The orc wizard is heavily wounded.
The orc wizard casts a spell.
The orc wizard flickers and vanishes!
Deactivating autopickup; reactivate with Ctrl-A.
You miss something.
Something hits you but does no damage. x2
Okay, then.
You closely miss something. Something hits you but does no damage.
You miss something. Something hits you.
You barely miss something.
Something hits you but does no damage. x2
You closely miss something. Something hits you.
You closely miss something. Something hits you.
You closely miss something. Something hits you.
You hear some strange, mumbled words.
A magic dart appears from out of thin air!
The magic dart hits you!
* * * LOW HITPOINT WARNING * * *
You miss something.
You hear some strange, mumbled words.
You are confused.
You completely miss something. Something hits you but does no damage.
You completely miss something.
You hear some strange, mumbled words.
A magic dart appears from out of thin air!
The magic dart hits you!
* * * LOW HITPOINT WARNING * * *
You miss something. Something hits you.
You die...

###### #....# #†#### ###
#.†### ### #.. ##...# ..# #.#
###.####.### #.# #.#
#oooo.{..... #.# #.#
##########o#........#
#.###.####.....@{lro####r....#
##.##..##...########## .l...#
#.....)...### #.#..
#.<######## .l.. ...# ... ##.#
.. #.# #.# #.#


You could see an orc wizard, an orc, a frilled lizard and a rat.

Vanquished Creatures
  3 dart slugs
  7 endoplasms
  2 giant cockroaches (D:1)
  2 goblins (D:1)
  3 hobgoblins (D:1)
  4 jackals (D:2)
  4 kobolds
  5 quokkas
  3 ball pythons
  7 bats
  A frilled lizard (D:1)
  24 rats
65 creatures vanquished.

Vanquished Creatures (collateral kills)
  A kobold (D:3)
1 creature vanquished.

Grand Total: 66 creatures vanquished

Notes
Turn   | Place    | Note
-------+----------+-------------------------------------------
     0 | D:1      | Sweeb the Mummy Fighter began the quest for the Orb.
     0 | D:1      | Reached XP level 1. HP: 18/18 MP: 1/1
   372 | D:1      | Reached XP level 2. HP: 21/24 MP: 2/2
   422 | D:1      | Found a faded altar of an unknown god.
   763 | D:1      | Reached skill level 1 in Spellcasting
  1042 | D:1      | Gained mutation: You are in touch with the powers of death.
                  | [Mummy growth]
  1042 | D:1      | Reached XP level 3. HP: 29/29 MP: 4/4
  2238 | D:2      | Reached XP level 4. HP: 34/35 MP: 6/6
  2423 | D:2      | Found Ohakik's Weapon Shoppe.
  2768 | D:3      | HP: 1/35 [something/magic dart (7)]
  2769 | D:3      | Slain by an orc wizard

Illustrated notes

Levels and vault maps discovered:
D:1:      psy_arrival_basics, layout_loops_corners, ebering_ecumenical_altar_box
D:2:      layout_loops_ring, serial_shops, nicolae_shop_window_shopping,
          chequers_serial_rivers_micro_e, nrook_mini_vaults, minmay_rat_hole
D:3:      layout_rooms, nicolae_kikubaaqudgha_miasma_corner, serial_shops,
          nicolae_shop_crystal, minmay_misc_feat_ornament, uniq_robin,
          uniq_jessica

Skill      XL: |  1  2 |
---------------+-------+-----
Maces & Flails | 2 |  2.5
Spellcasting   | 1 |  1.6
Fighting       | |  3.4
Armour         | |  2.4
Shields        | |  2.9

Action                   |  1- 3 |  4- 6 || total
-------------------------+-------+-------++-------
Melee: Flail             |   179 |    60 ||   239
  Use: Scroll            |     1 |     2 ||     3
Armor: Scale mail        |   105 |    36 ||   141
Dodge: Dodged            |   109 |    28 ||   137
Block: Buckler           |    39 |    13 ||    52

Table legend: (Time is in decaauts)
 A = Elapsed time spent in this place.
 B = Non-inter-level travel time spent in this place.
 C = Inter-level travel time spent in this place.
 D = Time resting spent in this place.
 E = Time spent auto-exploring this place.
 F = Levels seen in this place.
 G = Mean time per level.
                   A        B        C        D        E       F      G
               +--------+--------+--------+--------+--------+-----+--------+
         Total |   2845 |   2779 |     66 |    476 |   1823 |   3 |  948.3 |
       Dungeon |   2845 |   2779 |     66 |    476 |   1823 |   3 |  948.3 |
               +--------+--------+--------+--------+--------+-----+--------+

Top non-repeatable levels by time:
     D:1: 1367 daAuts
     D:2: 1208 daAuts
     D:3: 269 daAuts
